 Dungeon Crawl Stone Soup version 0.28-a0-983-g1de4e07 (webtiles) character file.

Game seed: 4977288400960364731

99 Ayyar the Ducker (level 4, -12/34 HPs)
             Began as a Demonspawn Gladiator on Dec 2, 2021.
             Was an Initiate of Okawaru.
             Killed by nerve-wracking pain
             ... invoked by an orc priest
              (13 damage)
             ... on level 4 of the Dungeon.
             The game lasted 00:10:41 (2693 turns).

Ayyar the Ducker (Demonspawn Gladiator)             Turns: 2693, Time: 00:10:41

Health: -12/34     AC:  6    Str: 17    XL:     4   Next: 45%
Magic:  4/4        EV: 11    Int:  9    God:    Okawaru [......]
Gold:   51         SH:  0    Dex: 14    Spells: 3/3 levels left

rFire   + . .      SeeInvis .   a - +0 trident
rCold   . . .      Faith    .   (no shield)
rNeg    . . .      Spirit   .   g - +1 ring mail {rF+}
rPois   .          Reflect  .   (helmet restricted)
rElec   .          Harm     .   (no cloak)
rCorr   .          Rampage  .   (no gloves)
Will    .....                   (no boots)
Stlth   +.........              (no amulet)
HPRegen 0.11/turn               (no ring)
MPRegen 0.09/turn               (no ring)

@: no status effects
A: antennae 1
a: Renounce Religion


You were on level 4 of the Dungeon.
You worshipped Okawaru.
Okawaru was noncommittal.
You visited 1 branch of the dungeon, and saw 4 of its levels.

You collected 51 gold pieces.

Inventory:

Hand Weapons
 a - a +0 trident (weapon)
 h - a +5 vampiric whip
Missiles
 d - 2 throwing nets (quivered)
Armour
 c - a +0 helmet
 g - a +1 ring mail of fire resistance (worn)
Scrolls
 b - 2 scrolls of teleportation {unknown}
 e - a scroll of amnesia {unknown}
 f - 2 scrolls of fear {unknown}
 i - a scroll of acquirement {unknown}
 j - a scroll of vulnerability {unknown}
 l - a scroll of identify {unknown}
Potions
 k - a potion of attraction {unknown}


   Skills:
 + Level 2.9 Fighting
 + Level 3.3 Polearms
 + Level 2.5 Throwing
 + Level 3.3 Dodging


You had 3 spell levels left.
You didn't know any spells.
Your spell library contained the following spells:

 Spells                   Type           Power      Damage    Failure   Level
 Magic Dart               Conj           0%         1d3       58%         1
 Searing Ray              Conj           0%         2d4       75%         2
 Ignite Poison            Fire/Tmut/Pois 0%         N/A       92%         3
 Mephitic Cloud           Conj/Pois/Air  0%         N/A       92%         3
 Fulminant Prism          Conj/Hex       0%         3d6       100%        4
 Freezing Cloud           Conj/Ice/Air   0%         6-21      100%        5


Dungeon Overview and Level Annotations

Branches:
Dungeon (4/15)
 Temple: D:4-7

Altars:
Okawaru


Innate Abilities, Weirdness & Mutations

You have a pair of small antennae on your head.


Message History

The ufetubus is moderately wounded.
The ufetubus barely misses you. The ufetubus hits you.
You puncture the ufetubus!
You kill the ufetubus!
Okawaru accepts your kill.
Things that are here:
a +0 dagger; a goblin corpse You start resting.
HP restored.
There is a stone staircase leading up here.
You climb upwards.
The orc priest calls down the wrath of Beogh upon you.
Pain shoots through your body!
There is a stone staircase leading down here.
There is a stone staircase leading down here.
The orc priest hits you with a +0 hand axe.
You climb downwards.
There is a stone staircase leading up here.
You closely miss the orc priest. The orc priest closely misses you.
You hit the orc priest.
The orc priest is lightly wounded.
The orc priest hits you with a +0 hand axe.
You hit the orc priest but do no damage.
The orc priest is lightly wounded.
The orc priest hits you with a +0 hand axe.
You hit the orc priest but do no damage.
The orc priest is lightly wounded.
The orc priest mumbles some strange prayers to Beogh against you.
Beogh smites you!
You closely miss the orc priest.
The orc priest is lightly wounded.
The orc priest hits you with a +0 hand axe.
* * * LOW HITPOINT WARNING * * *
You puncture the orc priest!
The orc priest is severely wounded.
The orc priest hits you with a +0 hand axe!
* * * LOW HITPOINT WARNING * * *
The orc priest mumbles some strange prayers to Beogh against you.
Pain shoots through your body!
You die...

....##. #.....
#..... ##...#
##....##
##......#
##.......##
#.........##
#@.).......##
#.o..........#
##......####..
#.....## #
##....# ##...#
##..# ##.# ..


You could see an orc priest.

Vanquished Creatures
  A gnoll (D:3)
  2 adders (D:2)
  An ufetubus (D:4)
  A worm (D:2)
  2 dart slugs
  11 ball pythons
  8 endoplasms
  2 giant cockroaches (D:1)
  5 goblins
  3 hobgoblins
  2 quokkas
  3 bats
  4 frilled lizards
  7 kobolds
  5 rats
57 creatures vanquished.

Vanquished Creatures (others)
  17 plants (D:3)
17 creatures vanquished.

Grand Total: 74 creatures vanquished

Notes
Turn   | Place    | Note
-------+----------+-------------------------------------------
     0 | D:1      | Ayyar the Demonspawn Gladiator began the quest for the Orb.
     0 | D:1      | Reached XP level 1. HP: 16/16 MP: 1/1
   299 | D:1      | Gained mutation: You have a pair of small antennae on your
                  | head. [demonic ancestry]
   299 | D:1      | Reached XP level 2. HP: 22/22 MP: 2/2
   356 | D:1      | HP: 1/22 [kobold (4)]
   636 | D:1      | Found a faded altar of an unknown god.
   706 | D:1      | Reached XP level 3. HP: 25/28 MP: 3/3
  2025 | D:2      | Reached XP level 4. HP: 10/34 MP: 4/4
  2352 | D:3      | Found an iron altar of Okawaru.
  2359 | D:3      | Became a worshipper of Warmaster Okawaru
  2693 | D:4      | HP: 1/34 [orc priest (7)]
  2693 | D:4      | Killed from afar by an orc priest

Illustrated notes

Levels and vault maps discovered:
D:1:      amcnicky_arrival_underground_garden, layout_loops_ring,
          shapermc_ecumenical_altar_acropolis
D:2:      layout_basic, st_stairs_8
D:3:      layout_basic, mainiacjoe_overflow_boulevard,
          mainiacjoe_overflow_catch_the_wave, serial_bayou_lagoon_a
D:4:      layout_layer_cave, uniq_grinder

Skill      XL: |  1  2 |
---------------+-------+-----
Throwing       | 2 |  2.5
Polearms       | 3 |  3.3
Dodging        | 3 |  3.3
Fighting       | |  2.9

Action                   |  1- 3 |  4- 6 || total
-------------------------+-------+-------++-------
Melee: Trident           |   150 |    44 ||   194
Throw: Throwing net      |       |     1 ||     1
  Use: Potion            |     2 |     1 ||     3
Armor: Leather armour    |     8 |       ||     8
       Ring mail         |    35 |     8 ||    43
Dodge: Dodged            |   117 |    24 ||   141

Table legend: (Time is in decaauts)
 A = Elapsed time spent in this place.
 B = Non-inter-level travel time spent in this place.
 C = Inter-level travel time spent in this place.
 D = Time resting spent in this place.
 E = Time spent auto-exploring this place.
 F = Levels seen in this place.
 G = Mean time per level.
                   A        B        C        D        E       F      G
               +--------+--------+--------+--------+--------+-----+--------+
         Total |   2724 |   2654 |     70 |    875 |   1267 |   4 |  681.0 |
       Dungeon |   2724 |   2654 |     70 |    875 |   1267 |   4 |  681.0 |
               +--------+--------+--------+--------+--------+-----+--------+

Top non-repeatable levels by time:
     D:1: 1120 daAuts
     D:2: 1113 daAuts
     D:4: 256 daAuts
     D:3: 234 daAuts
